 Dungeon Crawl Stone Soup version 0.23-a0-386-g9c9d49f (webtiles) character file.

2802 Amnesiac the Markscentaur (level 9, -2/67 HPs)
             Began as a Centaur Hunter on Oct 28, 2018.
             Was a Believer of Okawaru.
             Slain by an orc warrior
             ... wielding a +1 mace of protection
              (5 damage)
             ... on level 7 of the Dungeon.
             The game lasted 00:17:33 (4245 turns).

Amnesiac the Markscentaur (Centaur Hunter)          Turns: 4245, Time: 00:17:34

Health: -2/67      AC: 10    Str: 15    XL:     9   Next: 44%
Magic:  9/9        EV:  7    Int: 10    God:    Okawaru [**....]
Gold:   143        SH:  0    Dex: 18    Spells: 6/8 levels left

rFire    . . .     SeeInvis +   b - +0 scimitar
rCold    . . .     Gourm    .   (no shield)
rNeg     + + .     Faith    .   c - +0 plate armour
rPois    .         Spirit   .   (no helmet)
rElec    .         Reflect  .   (no cloak)
rCorr    .         Harm     .   j - +1 pair of gloves of Indecent Exposure {rN++}
MR       +....                  (no barding)
Stlth    ..........             (no amulet)
HPRegen  0.21/turn              p - ring of protection from magic
MPRegen  0.11/turn              g - ring of see invisible

@: agile, very quick
A: large, hooves 3, deformed body, speed 2, tough skin 3
a: Heroism, Renounce Religion


You were on level 7 of the Dungeon.
You worshipped Okawaru.
Okawaru was pleased with you.
You were not hungry.

You visited 1 branch of the dungeon, and saw 9 of its levels.

You collected 263 gold pieces.
You spent 120 gold pieces at shops.

Inventory:

Hand Weapons
 a - a +1 shortbow
 b - a +0 scimitar (weapon)
Missiles
 n - 3 arrows
Armour
 c - a +0 plate armour (worn)
 j - the +1 pair of gloves of Indecent Exposure (worn) {rN++}
   (You found it on level 8 of the Dungeon)

   It greatly protects you from negative energy.
Jewellery
 g - a ring of see invisible (right hand)
 p - a ring of protection from magic (left hand)
Scrolls
 d - a scroll of identify {!r}
 r - 3 scrolls of remove curse {!r}
Potions
 h - a potion of agility {!q}
Comestibles
 f - 7 rations


   Skills:
 - Level 2.0 Fighting
 + Level 16.5 Bows
 - Level 1.3 Dodging
 - Level 0.4 Stealth


You had 6 spell levels left.
You knew the following spells:

 Your Spells              Type           Power        Failure   Level  Hunger
v - Blink                 Tloc           N/A          100%        2    ###....

Your spell library contained the following spells:

 Spells                   Type           Power        Failure   Level  Hunger
 Corona                   Hex            #......      100%        1    ##.....
 Magic Dart               Conj           #...         100%        1    ##.....
 Call Imp                 Summ           #.......     100%        2    ###....
 Ensorcelled Hibernation  Hex/Ice        #.....       100%        2    ###....
 Slow                     Hex            #.......     100%        2    ###....
 Confuse                  Hex            #.......     100%        3    ####...
 Conjure Flame            Conj/Fire      #.......     100%        3    ####...
 Dazzling Spray           Conj/Hex       #.....       100%        3    ####...
 Mephitic Cloud           Conj/Pois/Air  #.......     100%        3    ####...
 Tukima's Dance           Hex            #.......     100%        3    ####...


Dungeon Overview and Level Annotations

Branches:
Dungeon (9/15)               Lair (0/6) D:9
 Temple: D:4-7          Orc: D:9-12

Altars:
Okawaru
Vehumet
Wu Jian

Shops:
D:8 !


Innate Abilities, Weirdness & Mutations

You have hooves in place of feet.
Armour fits poorly on your strangely shaped body.
You cover ground very quickly.
You have extremely tough skin. (AC +3)


Message History

Really quaff
q - a potion of heal wounds {!q}?
You feel much better.
You closely miss the orc warrior.
The orc warrior hits you with a +0 short sword.
* * * LOW HITPOINT WARNING * * *
You closely miss the orc warrior.
The orc warrior hits you with a +0 short sword!
* * * LOW HITPOINT WARNING * * *
There is an ornate altar of the Wu Jian Council here.
Really quaff
o - a potion of curing {!q}?
You feel better. The orc warrior barely misses you.
The orc warrior hits you but does no damage.
Okay, then.
Okay, then.
There is a stone staircase leading down here.
You climb downwards.
The wyvern zombie barely misses you. The adder bites you.
* * * LOW HITPOINT WARNING * * *
You are poisoned.
The adder poisons you!
The orc wizard gestures at you while chanting.
The magic dart hits you!
* * * LOW HITPOINT WARNING * * *
The scorpion closely misses you.
You riposte.
You hit the scorpion. You kick the scorpion!
The scorpion is heavily wounded.
The wyvern zombie bites you but does no damage.
The adder bites you but does no damage.
There is a stone staircase leading up, spattered with blood here.
You feel sick.
You feel sick.
A sky beast comes into view.
The sky beast flickers out of sight for a moment.
You feel sick.
You feel sick.
The sky beast flickers out of sight for a moment.
You feel sick.
You feel sick.
You are no longer poisoned.
An orc comes into view. It is wielding a +0 short sword.
The orc warrior shouts!
The orc shouts!
There is an escape hatch in the ceiling here.
The orc warrior hits you with a +1 mace of protection!
* * * LOW HITPOINT WARNING * * *
A mysterious force pulls you upwards. The hatch slams shut behind you.
The orc wizard shouts! x3; The jackal barks! x3
A quokka and a jackal come into view.
The jackal closely misses you.
The orc wizard hits you but does no damage. x2
The jackal bites you but does no damage.
The orc wizard gestures at you while chanting.
The magic dart hits you!
* * * LOW HITPOINT WARNING * * *
The orc wizard hits you with a dagger.
* * * LOW HITPOINT WARNING * * *
Okay, then.
You hit the orc wizard.
You kick the orc wizard, but do no damage.
The orc wizard is lightly wounded.
The jackal bites you but does no damage.
The orc wizard gestures at you while chanting.
The magic dart hits you!
The orc wizard hits you but does no damage.
The orc warrior hits you with a +1 mace of protection.
You die...

## #.. #...##
......# #...hrh##
#.h.ho@# #...ooo###
#.....###.# #.....
##.o# ....###
.....### ....##
.....## .## #...
....## ....
###...####
###..####...o..?.##


You could see an orc warrior, 3 orc wizards, a quokka and 4 jackals.

Vanquished Creatures
  2 trolls (D:9)
  A hippogriff (D:8)
  3 yaks
  A human (D:8)
  An orc warrior (D:8)
  A phantom (D:5)
  An ice beast (D:8)
  3 centaurs
  A wyvern zombie (D:8)
  A scorpion (D:6)
  A howler monkey (D:6)
  3 crimson imps
  A bullfrog zombie (D:9)
  2 centaur zombies
  3 hounds
  2 jellies
  An orc priest (D:6)
  A bullfrog skeleton (D:8)
  3 orc wizards
  A centaur skeleton (D:6)
  2 iguanas (D:6)
  A worker ant (D:8)
  2 adders
  A gnoll (D:8)
  A shadow imp (D:5)
  3 dart slugs (D:1)
  9 orcs
  2 ball pythons (D:1)
  4 bats
  5 goblins
  3 hobgoblins
  5 jackals
  2 kobolds
  3 quokkas
  A frilled lizard (D:1)
  A quokka skeleton (D:5)
  7 rats
  A fungus (D:9)
86 creatures vanquished.

Vanquished Creatures (others)
  7 fungi (D:9)
  4 plants (D:9)
11 creatures vanquished.

Grand Total: 97 creatures vanquished

Notes
Turn   | Place    | Note
-------+----------+-------------------------------------------
     0 | D:1      | Amnesiac the Centaur Hunter began the quest for the Orb.
     0 | D:1      | Reached XP level 1. HP: 17/17 MP: 1/1
    81 | D:1      | Reached skill level 6 in Bows
    81 | D:1      | Reached XP level 2. HP: 21/24 MP: 2/2
   294 | D:2      | Reached XP level 3. HP: 23/29 MP: 3/3
   749 | D:3      | Found a radiant altar of Vehumet.
   945 | D:5      | Entered Level 5 of the Dungeon
   958 | D:5      | Reached skill level 7 in Bows
  1008 | D:5      | Noticed a phantom
  1022 | D:5      | Killed a phantom
  1022 | D:5      | Reached skill level 8 in Bows
  1022 | D:5      | Reached XP level 4. HP: 30/36 MP: 4/4
  1085 | D:5      | Noticed a centaur
  1095 | D:5      | Killed a centaur
  1095 | D:5      | Reached skill level 9 in Bows
  1095 | D:5      | Reached XP level 5. HP: 28/41 MP: 5/5
  1478 | D:6      | Reached XP level 6. HP: 48/48 MP: 6/6
  1647 | D:5      | Reached skill level 10 in Bows
  1833 | D:6      | Learned a level 2 spell: Blink
  1942 | D:6      | Reached XP level 7. HP: 55/55 MP: 7/7
  1951 | D:6      | Reached skill level 11 in Bows
  2326 | D:8      | Noticed a hippogriff
  2363 | D:8      | Killed a hippogriff
  2363 | D:8      | Reached skill level 12 in Bows
  2438 | D:8      | Found Edwusen's Distillery.
  2444 | D:8      | Bought a potion of heal wounds for 60 gold pieces
  2444 | D:8      | Bought a potion of agility for 48 gold pieces
  2444 | D:8      | Bought a potion of degeneration for 12 gold pieces
  2457 | D:8      | Noticed a human
  2487 | D:8      | Killed a human
  2628 | D:8      | Reached XP level 8. HP: 55/61 MP: 8/8
  2654 | D:8      | Reached skill level 13 in Bows
  3264 | D:7      | Reached skill level 14 in Bows
  3287 | D:7      | Found an iron altar of Okawaru.
  3297 | D:7      | Became a worshipper of Warmaster Okawaru
  3396 | D:8      | Got a pair of crude gloves
  3402 | D:8      | Identified the +1 pair of gloves of Indecent Exposure
                  | {rN++} (You found it on level 8 of the Dungeon)
  3527 | D:9      | Noticed a troll
  3538 | D:9      | Killed a troll
  3595 | D:9      | Noticed a troll
  3596 | D:9      | Found a staircase to the Lair.
  3624 | D:9      | Killed a troll
  3624 | D:9      | Reached * piety under Okawaru
  3624 | D:9      | Reached skill level 15 in Bows
  3624 | D:9      | Reached XP level 9. HP: 63/67 MP: 9/9
  3762 | D:9      | Reached skill level 16 in Bows
  3769 | D:9      | HP: 1/67 [yak (10)]
  4078 | D:8      | Reached ** piety under Okawaru
  4149 | D:7      | Found an ornate altar of the Wu Jian Council.
  4244 | D:7      | HP: 3/67 [orc wizard/dagger (1)]
  4245 | D:7      | Slain by an orc warrior

Vault maps used:
D:1:      dpeg_chamrin_arrival_tetris
D:2:      marbit_many_paths, grunt_ministairs_4, minmay_heptomino_d4
D:3:      lemuel_upstairs_altar, vehumet_crystals, first_ration
D:4:      uniq_sigmund
D:7:      minmay_flawed_box, kennysheep_mini_moat,
          nicolae_overflow_hidden_temple, temple_statues, basic_altar
D:8:      kennysheep_six_static_rooms, serial_shops, shop, grunt_pizzeria,
          hangedman_glass_teeth
D:9:      dpeg_oklobed_lair

Skill      XL: |  1  2  3  4  5  6  7  8  9 |
---------------+----------------------------+-----
Bows           | 6 8 9 10 12 15 16 | 16.5
Fighting       | |  2.0
Dodging        | |  1.3
Stealth        | |  0.4

Action                   |  1- 3 |  4- 6 |  7- 9 || total
-------------------------+-------+-------+-------++-------
Melee: Short sword       |   100 |    15 |       ||   115
       Kick              |    20 |    10 |    21 ||    51
       Scimitar          |       |    12 |    73 ||    85
 Fire: Shortbow          |    50 |   114 |   247 ||   411
  Use: Scroll            |       |     6 |     3 ||     9
       Potion            |       |     1 |     9 ||    10
  Eat: Chunk             |       |     2 |     4 ||     6
       Ration            |       |       |     1 ||     1
Armor: Leather armour    |    64 |       |       ||    64
       Chain mail        |       |    38 |       ||    38
       Plate armour      |       |     3 |    99 ||   102
       Skin              |       |       |    19 ||    19
Dodge: Dodged            |    77 |    14 |    24 ||   115
       Rpst.: Scimitar   |       |     2 |     5 ||     7

Table legend:
 A = Non-vault XP
 B = Vault XP
 C = Vault XP percentage of total XP
 D = Non-vault monster count
 E = Vault monster count
 F = Vault count percentage of total count
                 A         B        C        D         E       F
            +---------+---------+-------+---------+---------+-------
      Total |    3526 |     477 |  11.9 |      77 |       8 |   9.4
            +---------+---------+-------+---------+---------+-------
        D:1 |      30 |       0 |   0.0 |      14 |       0 |   0.0
        D:2 |      18 |       4 |  18.2 |      10 |       2 |  16.7
        D:3 |      10 |       0 |   0.0 |       6 |       0 |   0.0
        D:5 |     372 |       0 |   0.0 |      11 |       0 |   0.0
        D:6 |     432 |       0 |   0.0 |      13 |       0 |   0.0
        D:7 |      87 |       0 |   0.0 |       2 |       0 |   0.0
        D:8 |    1005 |     473 |  32.0 |      14 |       6 |  30.0
        D:9 |    1572 |       0 |   0.0 |       7 |       0 |   0.0
            +---------+---------+-------+---------+---------+-------
